 Dungeon Crawl Stone Soup version 0.29-a0-1019-g84f7d21838 (webtiles) character file.

Game seed: 11875935733144642804

22 drpainis the Sneak (level 2, 0/13 HPs)
             Began as a Spriggan Enchanter on Aug 11, 2022.
             Constricted to death by a ball python (1 damage)
             ... on level 2 of the Dungeon.
             The game lasted 00:01:06 (1064 turns).

drpainis the Sneak (Spriggan Enchanter)             Turns: 1064, Time: 00:01:06

Health: 0/13       AC:  2    Str:  4    XL:     2   Next: 68%
Magic:  6/6        EV: 14    Int: 16    God:
Gold:   16         SH:  0    Dex: 15    Spells: 6/6 levels left

rFire   . . .      SeeInvis +   a - +1 dagger
rCold   . . .      Faith    .   (no shield)
rNeg    . . .      Spirit   .   b - +0 robe
rPois   .          Reflect  .   (helmet restricted)
rElec   .          Harm     +   g - scarf {harm}
rCorr   .          Rampage  .   (gloves unavailable)
Will    .....                   (boots unavailable)
Stlth   +++.......              (no amulet)
HPRegen 0.04/turn               (no ring)
MPRegen 0.10/turn               (no ring)

@: constricted, very quick
A: very small, no large weapons, unfitting armour, see invisible, speed 3
a: no special abilities


You were on level 2 of the Dungeon.
You visited 1 branch of the dungeon, and saw 2 of its levels.

You collected 16 gold pieces.

Inventory:

Hand Weapons
 a - a +1 dagger (weapon)
Armour
 b - a +0 robe (worn)
 g - a scarf of harm (worn)
Scrolls
 d - a scroll of identify {unknown}
 h - a scroll of teleportation {unknown}
Potions
 c - 2 potions of invisibility
 e - 3 potions of heal wounds {unknown}
 f - a potion of haste {unknown}
 i - 2 potions of attraction {unknown}


   Skills:
 + Level 0.1 Fighting
 + Level 1.2 Short Blades
 + Level 3.1 Dodging
 + Level 5.4 Stealth
 + Level 2.9 Spellcasting
 + Level 3.6 Hexes


You had 6 spell levels left.
You didn't know any spells.
Your spell library contained the following spells:

 Spells                   Type           Power      Damage    Failure   Level
 Confusing Touch          Hex            14%        N/A       13%         3
 Tukima's Dance           Hex            14%        N/A       13%         3
 Ensorcelled Hibernation  Hex/Ice        16%        N/A       14%         2
 Dazzling Flash           Conj/Hex       16%        N/A       26%         3


Dungeon Overview and Level Annotations

Branches:
Dungeon (2/15)

Altars:


Innate Abilities, Weirdness & Mutations

You are very small and have problems with some larger weapons.
You are too small for most types of armour.
You have supernaturally acute eyesight. (SInv)
You cover ground extremely quickly. (Speed+++)


Message History

You barely miss the bat. The bat hits you but does no damage.
A goblin comes into view. It is wielding a +1 dagger of freezing.
Found a lumpy puce potion.
Things that are here:
a +0 dagger; a goblin corpse You hit the bat but do no damage.
The bat closely misses you. The bat hits you.
The goblin hits you with a +0 club.
You hit the goblin.
The goblin is severely wounded.
The bat barely misses you. The goblin misses you.
You closely miss the goblin. The goblin completely misses you.
You hit the goblin but do no damage. The goblin closely misses you.
You completely miss the goblin. The goblin hits you but does no damage.
You closely miss the goblin. The goblin misses you.
You barely miss the goblin.
The goblin hits you with a +1 dagger of freezing.
The goblin freezes you.
You hit the goblin.
You kill the goblin!
The bat hits you but does no damage.
You hit the bat.
The bat is severely wounded.
The bat completely misses you. The bat closely misses you.
You hit the bat.
You kill the bat!
The ball python bites you.
* * * LOW HITPOINT WARNING * * *
The ball python misses you.
You completely miss the ball python. The ball python bites you.
* * * LOW HITPOINT WARNING * * *
The ball python grabs you. The ball python constricts you.
You hit the ball python.
The ball python is heavily wounded.
The ball python misses you. The ball python constricts you.
You closely miss the ball python.
The ball python is heavily wounded.
The ball python bites you but does no damage.
The ball python constricts you.
You die...

.....#######..[...# #
.<................# .!
###########.?.....##..#
#............
#....)..###..
#.........#
#.#...g.##.#. #.####S##
..# #. #@# ## #. #.# .
#.. ####


You could see a goblin and a ball python.

Vanquished Creatures
  An endoplasm (D:1)
  A giant cockroach (D:1)
  5 goblins
  2 hobgoblins
  4 jackals (D:1)
  A kobold (D:1)
  2 bats
  A frilled lizard (D:1)
  A rat (D:1)
18 creatures vanquished.

Notes
Turn   | Place    | Note
-------+----------+-------------------------------------------
     0 | D:1      | drpainis the Spriggan Enchanter began the quest for the
                  | Orb.
     0 | D:1      | Reached XP level 1. HP: 9/9 MP: 5/5
   173 | D:1      | Reached skill level 5 in Stealth
   173 | D:1      | Reached XP level 2. HP: 4/13 MP: 6/6
  1064 | D:2      | Constricted to death by a ball python

Illustrated notes

Levels and vault maps discovered:
D:1:      elethiomel_arrival_shortcut, layout_basic, st_stairs_13
D:2:      layout_basic, serial_shops, shop, minmay_pentomino_s4

Skill      XL: |  1 |
---------------+----+-----
Dodging        | 3 |  3.1
Stealth        | 5 |  5.4
Fighting       | |  0.1
Short Blades   | |  1.2
Spellcasting   | |  2.9
Hexes          | |  3.6

Action                   || total
-------------------------++-------
Melee: Dagger            ||    72
 Stab: Sleeping          ||     7
Armor: Robe              ||    10
Dodge: Dodged            ||    71

Table legend: (Time is in decaauts)
 A = Elapsed time spent in this place.
 B = Non-inter-level travel time spent in this place.
 C = Inter-level travel time spent in this place.
 D = Time resting spent in this place.
 E = Time spent auto-exploring this place.
 F = Levels seen in this place.
 G = Mean time per level.
                   A        B        C        D        E       F      G
               +--------+--------+--------+--------+--------+-----+--------+
         Total |    837 |    834 |      3 |    220 |    442 |   2 |  418.5 |
       Dungeon |    837 |    834 |      3 |    220 |    442 |   2 |  418.5 |
               +--------+--------+--------+--------+--------+-----+--------+

Top non-repeatable levels by time:
     D:1: 790 daAuts
     D:2: 46 daAuts
